 Dungeon Crawl Stone Soup version 0.27-a0-1456-gf5a116941d (webtiles) character file.

Game seed: 7637963881605954966

18 blackman the Sneak (level 2, 14/14 HPs)
             Began as a Felid Delver on July 5, 2021.
             Quit the game on level 1 of the Dungeon.
             The game lasted 00:08:53 (1375 turns).

blackman the Sneak (Felid Delver)                   Turns: 1375, Time: 00:08:53

Health: 14/14      AC:  1    Str:  8    XL:     2   Next: 51%
Magic:  3/3        EV: 22    Int: 11    God:
Gold:   71         SH:  0    Dex: 17    Spells: 1/1 levels left
                                        Lives:  0   Deaths: 0

rFire    . . .     SeeInvis +     - Unarmed
rCold    . . .     Faith    .   (shield unavailable)
rNeg     . . .     Spirit   .   (armour unavailable)
rPois    .         Reflect  .   (helmet unavailable)
rElec    .         Harm     .   (cloak unavailable)
rCorr    .         Rampage  .   (gloves unavailable)
Will     .....                  (boots unavailable)
Stlth    ++++......             (no amulet)
HPRegen  0.04/turn              i - +4 ring of evasion
MPRegen  0.08/turn              (no ring)

@: quick
A: very small, claws 1, fangs 3, see invisible, speed 1, shaggy fur 1, stealthy
paws, no weapons or thrown items, no armour, multi-lived
a: no special abilities


You were on level 1 of the Dungeon.
You visited 1 branch of the dungeon, and saw 5 of its levels.

You collected 71 gold pieces.

Inventory:

Missiles
 g - 6 silver javelins
Jewellery
 i - a +4 ring of evasion (left paw)
Wands
 e - a wand of digging (2)
 f - a wand of acid (7)
Scrolls
 a - a scroll of fog
 b - 2 scrolls of magic mapping
 c - a scroll of fear
 h - a scroll of teleportation {unknown}
Potions
 d - a potion of haste
 j - a potion of curing {unknown}


   Skills:
 + Level 3.2 Fighting
 - Level 3.1 Dodging
 + Level 6.8 Stealth
 + Level 2.3 Unarmed Combat


You had one spell level left.
You didn't know any spells.
Your spell library contained the following spells:

 Spells                   Type           Power      Damage    Failure   Level
 Foxfire                  Conj/Fire      0%         2x1d4     34%         1
 Shock                    Conj/Air       0%         1d3       34%         1
 Conjure Flame            Conj/Fire      0%         6-21      71%         3
 Inner Flame              Hex/Fire       0%         N/A       71%         3
 Swiftness                Air            0%         N/A       71%         3
 Airstrike                Air            0%         N/A       98%         4


Dungeon Overview and Level Annotations

Branches:
Dungeon (5/15)
 Temple: D:4-7

Altars:


Innate Abilities, Weirdness & Mutations

You have sharp claws.
You have razor-sharp teeth.
You have supernaturally acute eyesight. (SInv)
You cover ground quickly. (Speed+)
You are covered in fur. (AC +1)
Your paws help you pounce on unaware monsters.
You are incapable of wielding weapons or throwing items.
You cannot wear armour.
You gain extra lives every three experience levels.


Message History

The hobgoblin is almost dead.
The frilled lizard completely misses you.
A dart slug comes into view.
The hobgoblin closely misses you.
You barely miss the hobgoblin. You bite the hobgoblin.
You kill the hobgoblin!
The frilled lizard completely misses you.
The frilled lizard barely misses you.
You closely miss the frilled lizard. The frilled lizard barely misses you.
You scratch the frilled lizard.
You kill the frilled lizard!
You scratch the dart slug.
The dart slug is severely wounded.
The dart slug launches a dart at you. The slug dart misses you.
You scratch the dart slug.
You kill the dart slug!
You see here a dart slug corpse.
You start resting.
HP restored.
You start waiting.
Done waiting.
You start waiting.
Done waiting.
Found a scale mail.
b - 2 scrolls of magic mapping (gained 1)
A rat comes into view.
A rat is nearby!
The rat closely misses you.
Found 14 gold pieces.
You scratch the rat.
You kill the rat!
No target in view!
You pick up a book of Flames and begin reading...
You add the spells Foxfire, Conjure Flame and Inner Flame to your library.
You now have 71 gold pieces (gained 14).
Found a stone staircase leading down.
A giant cockroach comes into view.
Found a scroll labelled GINOHO OKHLIJE.
Are you sure you want to abandon this character and quit the game? (Confirm with "yes".)

.... ...###.......# .#
..# ###........#.## . .
..####..###.##.#.# #. ?
....# #.##...# ...#.
#.## #..##..###
.....####..#####. #.....
#............# #. #.####
..........##.###.##.#
#>....@..##..##.##.#
#........###.##..#.# #
#........###..##...#.#
#....$................#
#.........#####.##..†...
..........# #.........
B#........# ####..#...
######.### #..###. ...#
#


You could see a giant cockroach (asleep).

Vanquished Creatures
  2 dart slugs
  2 endoplasms
  2 hobgoblins
  2 ball pythons
  2 bats (D:3)
  5 frilled lizards
  A rat (D:1)
16 creatures vanquished.

Notes
Turn   | Place    | Note
-------+----------+-------------------------------------------
     0 | D:5      | blackman the Felid Delver began the quest for the Orb.
     0 | D:5      | Reached XP level 1. HP: 10/10 MP: 2/2
    10 | D:5      | Noticed an ogre
    18 | D:5      | Noticed a hound
   628 | D:1      | Reached XP level 2. HP: 10/14 MP: 3/3
  1375 | D:1      | Quit the game

Illustrated notes

Levels and vault maps discovered:
D:1:      wheals_arrival_linesprint, layout_rooms, minmay_lizard_pond
D:2:      layout_loops_cross, serial_shops, shop,
          hellmonk_ecumenical_altar_heavens_door
D:3:      layout_loops_corners
D:4:      layout_loops_corners, chei_slow_surprise, tgw_fedhas
D:5:      layout_loops_corners, nicolae_overflow_hidden_temple,
          kennysheep_little_box, minmay_temple_entry_poolview, uniq_menkaure

Skill      XL: |  1 |
---------------+----+-----
Dodging        | 3 |  3.1
Fighting       | |  3.2
Stealth        | |  6.8
Unarmed Combat | |  2.3

Action                   || total
-------------------------++-------
Melee: Unarmed           ||    37
       Bite              ||     4
Evoke: Wand              ||     1
 Stab: Sleeping          ||     2
Armor: Skin              ||     2
Dodge: Dodged            ||    51

Table legend: (Time is in decaauts)
 A = Elapsed time spent in this place.
 B = Non-inter-level travel time spent in this place.
 C = Inter-level travel time spent in this place.
 D = Time resting spent in this place.
 E = Time spent auto-exploring this place.
 F = Levels seen in this place.
 G = Mean time per level.
                   A        B        C        D        E       F      G
               +--------+--------+--------+--------+--------+-----+--------+
         Total |   1277 |   1211 |     66 |    821 |     27 |   5 |  255.4 |
       Dungeon |   1277 |   1211 |     66 |    821 |     27 |   5 |  255.4 |
               +--------+--------+--------+--------+--------+-----+--------+

Top non-repeatable levels by time:
     D:2: 501 daAuts
     D:1: 348 daAuts
     D:4: 298 daAuts
     D:3: 90 daAuts
     D:5: 38 daAuts
